[Event "*** MasterClass Titled Tuesday Blitz"]
[Site "Chess.com"]
[Date "2017.10.03"]
[Round "7"]
[White "Paralinch"]
[Black "GeorgMeier"]
[Result "1-0"]
[WhiteElo "2689"]
[BlackElo "2775"]
[TimeControl "180+2"]
[EndTime "14:36:12 PDT"]
[Termination "Paralinch won by resignation"]

1. Nf3 d5 2. d4 Nf6 3. c4 e6 4. Nc3 dxc4 5. e3 a6 6. Bxc4 b5 7. Be2 Bb7 8. O-O Nbd7 9. a4 b4 10. Nb1 c5 11. b3 Rc8 12. Bb2 Be7 13. Nbd2 O-O 14. Nc4 Qc7 15. Rc1 Rfd8 16. Bd3 cxd4 17. Bxd4 Bc5 18. h3 Bxd4 19. exd4 Nd5 20. Nfe5 N7f6 21.
Qd2 Nc3 22. Qe3 Bd5 23. Rfe1 Qa7 24. a5 Rc7 25. Nb6 Bxb3 26. Qf4 Bd5 27. g4 Ba8 28. g5 Nfd5 29. Qh4 g6 30. Ng4 h5 31. gxh6 Kh7 32. Qxd8 Nf4 33. Qf8 Nh5 34. Nf6+ 1-0

[Event "*** MasterClass Titled Tuesday Blitz"]
[Site "Chess.com"]
[Date "2017.10.03"]
[Round "7"]
[White "Jungle_Jaguar"]
[Black "MaxLeto"]
[Result "0-1"]
[WhiteElo "2378"]
[BlackElo "2357"]
[TimeControl "180+2"]
[EndTime "14:36:22 PDT"]
[Termination "MaxLeto won by checkmate"]

1. e4 c5 2. Nf3 d6 3. d4 cxd4 4. Nxd4 Nf6 5. Nc3 a6 6. h3 e6 7. g4 Nfd7 8. g5 b5 9. h4 Be7 10. Be3 Bb7 11. Qd2 Ne5 12. Rh3 b4 13. Na4 Qa5 14.
b3 Bxe4 15. f4 Ned7 16. a3 d5 17. h5 O-O 18. g6 e5 19. gxf7+ Rxf7 20. Ne6 Nc6 21.
Ng5 Bxg5 22. fxg5 Raf8 23. Be2 bxa3 24. g6 hxg6 25. hxg6 Qxd2+ 26. Kxd2 Bxg6 27. Bxa6 Bf5 28. Rh4 Nf6 29. Rxa3 Ne4+ 30. Kc1 Nb4 31. Be2 Rc8 32. Bd1 Rfc7 33. Nb6 Rd8 34. Kb2 d4 35. Bc1 Nc3 36.
Bg4 Bxg4 37. Rxg4 Nb5 38. Ra5 Rxc2+ 39. Ka1 Rxc1+ 40. Kb2 Rc2+ 41. Ka1 Nc3 42. Ra7 Rc1+ 43. Kb2 Nd3+ 44. Ka3 Ra1# 0-1

[Event "*** MasterClass Titled Tuesday Blitz"]
[Site "Chess.com"]
[Date "2017.10.03"]
[Round "7"]
[White "RaphaeI"]
[Black "Krasimir_Rusev"]
[Result "1-0"]
[WhiteElo "2436"]
[BlackElo "2518"]
[TimeControl "180+2"]
[EndTime "14:36:31 PDT"]
[Termination "RaphaeI won by resignation"]

1. Nf3 d5 2. g3 c6 3. Bg2 Bg4 4. O-O Nd7 5. d3 e6 6. c4 Ngf6 7. cxd5 cxd5 8. Nc3 Nc5 9. h3 Bh5 10. b4 Ncd7 11. a3 a5 12. b5 Bc5 13. Na4 Be7 14.
Be3 O-O 15. Qb3 e5 16. g4 Bg6 17. g5 Nh5 18. Qxd5 Nf4 19. Bxf4 exf4 20. Qxb7 Rb8 21.
Qd5 Kh8 22. Nd4 Nb6 23. Nxb6 Qxb6 24. Nc6 Rbe8 25. a4 Bd8 26. Bf3 Bc7 27. Rac1 Re6 28. Qc5 Rfe8 29. Qxb6 Bxb6 30. Rc4 Rd6 31. Rxf4 h6 32.
h4 Kh7 33. h5 Bxh5 34. Bxh5 hxg5 35. Rxf7 Rh6 36. Rxg7+ Kxg7 37. Bxe8 1-0

[Event "*** MasterClass Titled Tuesday Blitz"]
[Site "Chess.com"]
[Date "2017.10.03"]
[Round "7"]
[White "Abdodi"]
[Black "Mistheoretical"]
[Result "0-1"]
[WhiteElo "2134"]
[BlackElo "2197"]
[TimeControl "180+2"]
[EndTime "14:36:33 PDT"]
[Termination "Mistheoretical won on time"]

1. d4 Nf6 2. Nd2 d5 3. Ngf3 Bg4 4. Ne5 Bh5 5. c4 c6 6. Qb3 Qb6 7. e3 e6 8. c5 Qc7 9. Qc3 Nbd7 10. Nxd7 Nxd7 11. b4 Be7 12. Bd3 O-O 13. O-O Rfe8 14.
a4 e5 15. e4 exd4 16. Qb3 Nf6 17. Bb2 Rad8 18. exd5 Nxd5 19. Bc4 a5 20. Bxd4 Nxb4 21. Be3 Bf8 22. Rae1 Nd5 23. Bxd5 Rxd5 24. Nc4 Bg6 25. Nb6 Rd3 26. Qc4 Qd8 27. Rb1 Rdxe3 28. fxe3 Bxb1 29. Rxb1 Rxe3 30. Rf1 Qe7 31. Nc8 Qe6 32. Qxe6 Rxe6 0-1

[Event "*** MasterClass Titled Tuesday Blitz"]
[Site "Chess.com"]
[Date "2017.10.03"]
[Round "7"]
[White "AndrewMcStone"]
[Black "BillCoe"]
[Result "1-0"]
[WhiteElo "2072"]
[BlackElo "1962"]
[TimeControl "180+2"]
[EndTime "14:36:36 PDT"]
[Termination "AndrewMcStone won on time"]

1. d4 d5 2. c4 e6 3. Nc3 Be7 4.
cxd5 exd5 5. Bf4 c6 6. e3 Nf6 7. Bd3 O-O 8. Qc2 Nbd7 9. Nge2 Re8 10. f3 Nf8 11. Bg3 Bd6 12. Bf2 b5 13. O-O Ng6 14. Kh1 Qc7 15. Rac1 Qb8 16. Bg1 a5 17. e4 Bf4 18. Nxf4 Nxf4 19. e5 Nxd3 20. Qxd3 Nh5 21. f4 g6 22. Qf3 b4 23. Ne2 Qb6 24. g4 Ng7 25. Ng3 Ra7 26. f5 gxf5 27. gxf5 Ba6 28. f6 Ne6 29. Rfd1 Kh8 30. Be3 Rg8 31. Nf5 1-0

[Event "*** MasterClass Titled Tuesday Blitz"]
[Site "Chess.com"]
[Date "2017.10.03"]
[Round "7"]
[White "biostatistician"]
[Black "GameOverBro"]
[Result "0-1"]
[WhiteElo "2388"]
[BlackElo "2310"]
[TimeControl "180+2"]
[EndTime "14:36:36 PDT"]
[Termination "GameOverBro won by resignation"]

1. d4 d6 2. Nf3 Nf6 3. c4 Nbd7 4. Nc3 e5 5. e4 Be7 6. Be2 O-O 7. O-O c6 8. Be3 a5 9. d5 Ng4 10. Bd2 Nc5 11. Qc2 f5 12. h3 fxe4 13. hxg4 exf3 14.
Bxf3 Qc7 15. Be3 Nd7 16. g5 g6 17. dxc6 bxc6 18. Rad1 Nb6 19. c5 dxc5 20. Ne4 Bf5 21. Bxc5 Nd5 22. Bxe7 Qxe7 23. Qxc6 Nf4 24. Nf6+ Kh8 25.
Qxa8 Rxa8 26. Bxa8 h6 27. Rfe1 hxg5 28. Nd5 Qf8 29. Rxe5 Qxa8 30. Nxf4 gxf4 31. Red5 Kg7 32. b3 Be4 33. Rd7+ Kh6 34. f3 Bf5 35. R7d4 Qa7 36.
Kh1 Kg5 37. Rd5 Qh7+ 38. Kg1 Qa7+ 39. Kf1 Qe3 40. R5d4 Kh4 41. R1d2 Kg3 42. Rd8 g5 43.
R8d5 Bc8 44. Rxg5+ Kh4 45. Rdd5 Ba6+ 46. Rb5 Bxb5+ 47. Rxb5 Qd3+ 0-1

[Event "*** MasterClass Titled Tuesday Blitz"]
[Site "Chess.com"]
[Date "2017.10.03"]
[Round "7"]
[White "AdrianaNikolova"]
[Black "JosephRyan"]
[Result "0-1"]
[WhiteElo "2385"]
[BlackElo "2227"]
[TimeControl "180+2"]
[EndTime "14:36:38 PDT"]
[Termination "JosephRyan won by resignation"]

1. e4 c6 2. d4 d5 3. Nc3 dxe4 4.
Nxe4 Nf6 5. Nxf6+ gxf6 6. c3 Bf5 7. Bd3 Bg6 8. Ne2 Nd7 9. Bf4 e6 10. Qd2 Nb6 11. h4 Nd5 12. h5 Bxd3 13. Qxd3 Nxf4 14.
Nxf4 Bh6 15. Qe4 Qd6 16. Nd3 O-O-O 17. g4 Qd5 18. Qxd5 exd5 19. Ke2 Rde8+ 20. Kf3 Re4 21.
Rae1 Rhe8 22. Rd1 b6 23. b3 Kd7 24. Rhe1 Kd6 25. Kg3 Re2 26. Rxe2 Rxe2 27. a4 Rc2 28. f4 Rxc3 29. Kh4 Rxb3 30. g5 fxg5+ 31. fxg5 Bg7 32. Nf4 Rb4 33. Ne2 c5 34. Rf1 cxd4 35. Kh3 d3 36. Nc1 d2 37. Nd3 Rd4 38. Nb2 Re4 39. Nd1 Re1 40. Kg2 Bd4 41. Rh1 Rxh1 42.
Kxh1 Ke5 43. Kg2 Kf5 44. g6 fxg6 45. hxg6 Kxg6 46. Kf3 Kf5 47. Ke2 h5 48. Kxd2 Ke4 49.
Ke2 a6 50. Kf1 b5 51. axb5 axb5 52. Kg2 b4 53. Kh3 b3 54. Kh4 b2 55. Nxb2 Bxb2 56. Kxh5 0-1

[Event "*** MasterClass Titled Tuesday Blitz"]
[Site "Chess.com"]
[Date "2017.10.03"]
[Round "7"]
[White "Noukii"]
[Black "chito89"]
[Result "1-0"]
[WhiteElo "2694"]
[BlackElo "2569"]
[TimeControl "180+2"]
[EndTime "14:36:42 PDT"]
[Termination "Noukii won by resignation"]

1. d4 Nf6 2. c4 e6 3. Nf3 Bb4+ 4.
Bd2 a5 5. Nc3 b6 6. e3 Bb7 7.
Bd3 O-O 8. O-O Bxc3 9. Bxc3 Ne4 10. Be1 d6 11. Nd2 Nxd2 12. Qxd2 Nd7 13. f3 e5 14. Bf2 Qe7 15. e4 Rae8 16. b3 Qf6 17. Bc2 Qg6 18. a3 Nf6 19. b4 Ra8 20. c5 axb4 21. axb4 bxc5 22. dxe5 dxe5 23. Bxc5 Rfd8 24. Qc3 Nd7 25.
Be3 Qc6 26. Qb2 Rxa1 27. Rxa1 Ra8 28. Ra5 Rxa5 29. bxa5 Ba6 30. Bb3 Qb5 31. h3 Qxa5 32. Kh2 h6 33. Qc2 Bb5 34. Ba2 Qa3 35. Bc1 Qe7 36.
Qxc7 Qc5 37. Qd8+ Qf8 38. Qa5 Qb8 39. Ba3 Nf6 40. Qb4 Qb7 41. Qd6 Nd7 42. Qe7 Qa6 43. Bxf7+ Kh7 44. Bd6 Qa1 45. Qe8 1-0

[Event "*** MasterClass Titled Tuesday Blitz"]
[Site "Chess.com"]
[Date "2017.10.03"]
[Round "7"]
[White "krzyzan94"]
[Black "Incognito_Knight"]
[Result "0-1"]
[WhiteElo "2591"]
[BlackElo "2478"]
[TimeControl "180+2"]
[EndTime "14:36:53 PDT"]
[Termination "Incognito_Knight won by checkmate"]

1. e4 c5 2. Nf3 e6 3. b3 b6 4.
Bb2 Bb7 5. Nc3 Nc6 6. Bc4 a6 7. a4 d6 8. d4 cxd4 9. Nxd4 Nf6 10.
O-O Be7 11. Bxe6 Nxd4 12. Bxf7+ Kxf7 13. Qxd4 Qc7 14. b4 Rhe8 15. Nd5 Bxd5 16. exd5 Rac8 17. Ra3 Qxc2 18. Ba1 Bf8 19. Qxb6 Qc4 20. g3 Nxd5 21. Qa5 Kg8 22. Rf3 Qe4 23. Rb3 Qc4 24. Rf3 Be7 25. Rd1 Nf6 26. Re3 d5 27. b5 axb5 28. axb5 Bb4 29. Qa7 Bc5 30. Rxe8+ Rxe8 31. Qb7 Bxf2+ 32.
Kg2 Qe4+ 33. Kh3 Qg4+ 34. Kg2 Qxd1 35. Bxf6 gxf6 36. Qd7 Qg1+ 37. Kf3 Qh1+ 38. Kxf2 Qxh2+ 39. Kf3 Qe2+ 40. Kf4 Qe4# 0-1

[Event "*** MasterClass Titled Tuesday Blitz"]
[Site "Chess.com"]
[Date "2017.10.03"]
[Round "7"]
[White "Rbrrt"]
[Black "Sven_Tica"]
[Result "0-1"]
[WhiteElo "2280"]
[BlackElo "2444"]
[TimeControl "180+2"]
[EndTime "14:36:53 PDT"]
[Termination "Sven_Tica won by resignation"]

1. e4 e6 2. d4 d5 3. Nc3 Bb4 4.
e5 c5 5. a3 Bxc3+ 6. bxc3 Ne7 7. Qg4 Qc7 8. Qxg7 Rg8 9. Qxh7 cxd4 10. Ne2 Nbc6 11. f4 dxc3 12. h4 d4 13. h5 Bd7 14.
Qd3 O-O-O 15. Rb1 Kb8 16. Rg1 Nd5 17. g4 f6 18. Nxd4 fxe5 19. Nb5 Qa5 20. Nd6 Bc8 21. fxe5 Qc5 22. Qg3 Nd4 23. Rg2 Rdf8 24. Rf2 Rxf2 25. Qxf2 Rxg4 26. h6 Rh4 27. h7 Rxh7 28. Rb5 Nxc2+ 29. Qxc2 Qd4 30. Qxh7 Qxe5+ 31. Ne4 a6 32. Rb4 a5 33. Rb5 Bd7 34. Qxd7 Qxe4+ 35. Kf2 Qd4+ 36. Kg2 Ne3+ 37. Bxe3 Qxd7 38. Be2 Qc6+ 39. Kf2 c2 40. Rc5 Qxc5 41. Bxc5 c1=Q 42. Bd6+ Kc8 0-1

[Event "*** MasterClass Titled Tuesday Blitz"]
[Site "Chess.com"]
[Date "2017.10.03"]
[Round "7"]
[White "rickkrewson"]
[Black "ruvat"]
[Result "0-1"]
[WhiteElo "1773"]
[BlackElo "2302"]
[TimeControl "180+2"]
[EndTime "14:36:59 PDT"]
[Termination "ruvat won by resignation"]

1. Nf3 d6 2. d4 g6 3. b3 Bg7 4. Bb2 Nf6 5. e3 O-O 6. Be2 a5 7. O-O a4 8. c4 Nbd7 9. Nbd2 a3 10. Bc3 e5 11. Qc2 Qe7 12. dxe5 dxe5 13. Rad1 Re8 14. h3 e4 15. Nd4 c6 16. b4 Nf8 17. b5 c5 18. N4b3 b6 19. Rfe1 h5 20.
Nf1 h4 21. Qd2 N8h7 22. Qd6 Qb7 23. Nh2 Be6 24. Be5 Rac8 25. Qd2 Qa8 26. Qc3 Qb7 27. Rd2 Qe7 28. Red1 Red8 29. Ng4 Rxd2 30.
Rxd2 Bxg4 31. Bxg4 Rd8 32. Rxd8+ Qxd8 33. Qd2 Qxd2 34.
Nxd2 Nxg4 35. Bxg7 Nxf2 36. Kxf2 Kxg7 37. Nxe4 Nf6 38. Nxf6 Kxf6 39. Kf3 Kf5 40. e4+ Ke5 41. Ke3 f6 42. Kd3 Kf4 43. Kc3 Kxe4 44. Kb3 Kd4 45. Kxa3 Kxc4 0-1

[Event "*** MasterClass Titled Tuesday Blitz"]
[Site "Chess.com"]
[Date "2017.10.03"]
[Round "7"]
[White "Gordima"]
[Black "Superfelix"]
[Result "1-0"]
[WhiteElo "2587"]
[BlackElo "2317"]
[TimeControl "180+2"]
[EndTime "14:37:01 PDT"]
[Termination "Gordima won by resignation"]

1. Nf3 Nf6 2. g3 g6 3. b3 Bg7 4. Bb2 O-O 5. Bg2 b6 6. O-O Bb7 7. c4 c5 8. Nc3 d6 9. Rc1 Nbd7 10.
d4 cxd4 11. Qxd4 a6 12. Rfd1 Rc8 13. Qd2 Rc7 14. Nd5 Nxd5 15. Bxg7 Kxg7 16. cxd5 Rxc1 17.
Rxc1 Qa8 18. Nd4 Nf6 19. Nc6 Rc8 20. Nxe7 Rxc1+ 21. Qxc1 Nxd5 22. Bxd5 Bxd5 23. Qc3+ f6 24. Qc7 Bf7 25. Nc8 Kg8 26. Nxd6 Be6 27. Qxb6 Qd5 28.
Qd8+ Kg7 29. Ne8+ Kf7 30. Qxd5 Bxd5 31. Nd6+ Ke6 32. Nc4 Bxc4 33. bxc4 Kd6 34. Kf1 Kc5 35. Ke1 Kxc4 36. Kd2 a5 37. Kc2 a4 38. e3 f5 39. f3 h6 40. h3 h5 41. h4 Kb4 42.
Kd3 Ka3 43. e4 fxe4+ 44. fxe4 Kxa2 45. Kc2 Ka3 46. e5 Kb4 47. e6 a3 48. e7 a2 49. Kb2 a1=Q+ 50. Kxa1 1-0

[Event "*** MasterClass Titled Tuesday Blitz"]
[Site "Chess.com"]
[Date "2017.10.03"]
[Round "7"]
[White "eldur16"]
[Black "dzhumagaliev"]
[Result "1-0"]
[WhiteElo "2487"]
[BlackElo "2577"]
[TimeControl "180+2"]
[EndTime "14:37:09 PDT"]
[Termination "eldur16 won on time"]

1. c4 h5 2. Nf3 a5 3. Nc3 h4 4. d4 h3 5. g3 d6 6. e4 Nc6 7. Be2 e5 8. d5 Nce7 9. Be3 Ng6 10. O-O Nf6 11. Nd2 Nd7 12. a3 c5 13. b3 Be7 14.
Nb5 Nf6 15. f4 exf4 16. gxf4 Kf8 17. Qc2 Bg4 18. Bd3 Bd7 19. e5 Ng4 20. Rae1 Bxb5 21. cxb5 Nh4 22. Nc4 dxe5 23. fxe5 Qxd5 24. Be4 Qe6 25. Bf4 Rd8 26. Bg3 Rd4 27. Bxb7 a4 28. Nd6 axb3 29. Qxc5 Rd2 30. Qc3 Rc2 31. Qd3 Nh6 32.
Bd5 Qg4 33. Nxf7 N6f5 34. Nxh8 Bc5+ 35. Kh1 Ke7 36. Rxf5 Nxf5 37. Be4 Nxg3+ 38. hxg3 Qxg3 39. Ng6+ Kf7 40. Qxg3 Ke6 41. Qxh3+ 1-0

[Event "*** MasterClass Titled Tuesday Blitz"]
[Site "Chess.com"]
[Date "2017.10.03"]
[Round "7"]
[White "Buffy7"]
[Black "SerGo055"]
[Result "1-0"]
[WhiteElo "2465"]
[BlackElo "2402"]
[TimeControl "180+2"]
[EndTime "14:37:12 PDT"]
[Termination "Buffy7 won by resignation"]

1. d4 d5 2. Nf3 Nf6 3. c4 c6 4. Nc3 e6 5. e3 Nbd7 6. Qc2 a6 7. c5 e5 8. Be2 exd4 9. exd4 Be7 10.
Bf4 O-O 11. O-O Re8 12. h3 Nf8 13. Ne5 Ng6 14. Nxg6 hxg6 15. Bd3 Nh5 16. Bh2 Bf6 17. Ne2 Rxe2 18. Qxe2 Bxd4 19. Bd6 Be6 20. Bxg6 fxg6 21.
Qxe6+ Kh7 22. Rad1 Bxb2 23. Rb1 Bd4 24. Rxb7 Qg5 25. Kh2 Nf4 26. Qg4 Qxg4 27. hxg4 Nd3 28. f3 Nxc5 29. Bxc5 Bxc5 30. Rc1 Bd6+ 31. Kg1 Rc8 32.
Kf2 Bf4 33. Rc5 Be5 34. Ke3 Bd6 35. Rc2 Re8+ 36. Kd3 c5 37. Rd7 Re6 38. Re2 c4+ 39. Kd2 Bf4+ 40. Kd1 Rb6 41. Rxd5 c3 42. Rc5 Rb1+ 43.
Kc2 Rb2+ 44. Kd3 Bd2 45. a4 Ra2 46. a5 Kh6 47. g5+ Kh5 48. g3 Be3 49. Rxc3 Rxe2 50. Kxe2 Bxg5 51. Rc6 Bd8 52. Rxa6 1-0

[Event "*** MasterClass Titled Tuesday Blitz"]
[Site "Chess.com"]
[Date "2017.10.03"]
[Round "7"]
[White "Rodalquilar"]
[Black "Alexander_Donchenko"]
[Result "1-0"]
[WhiteElo "2510"]
[BlackElo "2566"]
[TimeControl "180+2"]
[EndTime "14:37:17 PDT"]
[Termination "Rodalquilar won by resignation"]

1. e4 c6 2. d4 d5 3. Nc3 dxe4 4.
Nxe4 Bf5 5. Ng3 Bg6 6. h4 h6 7. Nf3 Nd7 8. h5 Bh7 9. Bd3 Bxd3 10. Qxd3 e6 11. Bd2 Ngf6 12. O-O-O Be7 13. Qe2 O-O 14. Nf1 c5 15. g4 Nd5 16. g5 hxg5 17. Rg1 Nf4 18. Bxf4 gxf4 19. dxc5 Bf6 20. N1d2 Nxc5 21. Ne4 Qe7 22. Nxf6+ Qxf6 23. Rg5 Na4 24. Qb5 Nb6 25. Rdg1 Nd5 26. Rxg7+ Kh8 27. Qd3 Qxg7 28. Rxg7 Kxg7 29. Qd4+ f6 30. Qe4 Kf7 31. Qh7+ Ke8 32. Qxb7 Rd8 33.
Nd4 Rg8 34. Qc6+ Rd7 35. Qc8+ Rd8 36. Qxe6+ Kf8 37. c4 Rg1+ 38. Kd2 Nb4 39. Qxf6+ Ke8 40. a3 Na2 41. h6 Nc1 42. h7 Nb3+ 43. Kc3 1-0

[Event "*** MasterClass Titled Tuesday Blitz"]
[Site "Chess.com"]
[Date "2017.10.03"]
[Round "7"]
[White "Daniela_Movileanu"]
[Black "r31415"]
[Result "0-1"]
[WhiteElo "2078"]
[BlackElo "2171"]
[TimeControl "180+2"]
[EndTime "14:37:18 PDT"]
[Termination "r31415 won by checkmate"]

1. e4 c6 2. d4 d5 3. Nd2 dxe4 4. Nxe4 Bf5 5. Ng3 Bg6 6. Nh3 Nf6 7. Nf4 e6 8. h4 c5 9. h5 Be4 10. Nxe4 Nxe4 11.
Qf3 Qxd4 12. c3 Qe5 13. Nd3 Qf5 14. Be2 c4 15. Nf4 Bc5 16. Be3 Nd7 17. g4 Qe5 18. Bxc4 Ng5 19. Qe2 Qe4 20. O-O-O O-O-O 21. Bd3 Qe5 22. Bc2 Nb6 23. Nd3 Bxe3+ 24. fxe3 Qb5 25. Bb3 Ne4 26.
Kc2 Ng3 27. Qf3 Nxh1 28. Qxh1 a5 29. a4 Nxa4 30. c4 Qd7 31. Nf2 Qc7 32. Qe4 Nc5 33.
Qf4 Nxb3 34. Qxc7+ Kxc7 35. Kxb3 Rxd1 36. Nxd1 Rd8 37. Nc3 Rd3 38. Kc2 Rxe3 39. Nb5+ Kb6 40. Nd4 Re4 41. Kd3 Rxg4 42. Ke3 Rg5 43. Nb3 Rxh5 44. Ke4 Rh4+ 45. Ke5 Rxc4 46. Nd2 Rb4 47. b3 Kc6 48. Nc4 b5 49. Nxa5+ Kd7 50. Nb7 f6# 0-1

[Event "*** MasterClass Titled Tuesday Blitz"]
[Site "Chess.com"]
[Date "2017.10.03"]
[Round "7"]
[White "timator"]
[Black "Semetey"]
[Result "1-0"]
[WhiteElo "2406"]
[BlackElo "2410"]
[TimeControl "180+2"]
[EndTime "14:37:22 PDT"]
[Termination "timator won by checkmate"]

1. Nf3 d5 2. g3 Nf6 3. Bg2 c6 4. O-O Bg4 5. h3 Bh5 6. d4 Nbd7 7. c4 e6 8. Nc3 Be7 9. Ne5 Nxe5 10. dxe5 Nd7 11.
cxd5 cxd5 12. f4 Bg6 13. Be3 O-O 14. Bf2 Bc5 15. e4 dxe4 16. Nxe4 Bxe4 17. Bxe4 Bxf2+ 18.
Rxf2 Nc5 19. Bxh7+ Kxh7 20. Qc2+ Kg8 21. Qxc5 Qd3 22.
Qc3 Qxc3 23. bxc3 Rac8 24. Rc1 Rfd8 25. Rfc2 Rc4 26. Kf2 Rd3 27. h4 g6 28. Kg2 b5 29.
Kh3 a6 30. Kg4 Kg7 31. Kh3 Rxf4 32. c4 bxc4 33. Rxc4 Rff3 34. Rg1 Ra3 35. Rg2 Rfe3 36. Rc5 Ra4 37. Rf2 Raa3 38. Rg2 g5 39. hxg5 Kg6 40.
Kh4 Ra4+ 41. Kh3 Raa3 42. Kh4 Re4+ 43. Kh3 Kxg5 44. Rf2 Ree3 45. Rxf7 Rxg3+ 46. Kh2 Rge3 47. Rc2 Rxe5 48. Rg2+ Kh6 49. Rf6+ Kh7 50. Rf7+ Kh8 51. Rf8+ Kh7 52. Rf7+ Kh6 53. Rf6+ Kh5 54. Rf8 Kh4 55.
Rf4+ Kh5 56. Rf8 Kh4 57. Rf4+ Kh5 58. Rf8 Kh4 59. Rf4+ Kh5 60. Rf8 Kh6 61. Rh8# 1-0

[Event "*** MasterClass Titled Tuesday Blitz"]
[Site "Chess.com"]
[Date "2017.10.03"]
[Round "7"]
[White "bancsoo"]
[Black "Konavets"]
[Result "0-1"]
[WhiteElo "2560"]
[BlackElo "2783"]
[TimeControl "180+2"]
[EndTime "14:37:24 PDT"]
[Termination "Konavets won on time"]

1. Nf3 Nf6 2. c4 e6 3. g3 d5 4. Bg2 dxc4 5. Qa4+ Bd7 6. Qxc4 c5 7. Ne5 Qc8 8. Qd3 Nc6 9. Nxd7 Nxd7 10. Qb5 Nde5 11. f4 a6 12. Qa4 b5 13. Qe4 f5 14. Qc2 Ng4 15. a4 Rb8 16. axb5 axb5 17. Nc3 Nd4 18. Qd1 c4 19. e3 Nb3 20. Rb1 Be7 21. O-O O-O 22.
d4 Rd8 23. Qc2 b4 24. Ne2 Qa6 25. Bd2 Rbc8 26. Rfd1 h5 27. h3 Nf6 28. Be1 Nd5 29.
Bf2 Nf6 30. Nc1 Na5 31. Qe2 Qb6 32. Bf3 g6 33. g4 hxg4 34. hxg4 Kf7 35. g5 Nd5 36.
Kg2 Rh8 37. Qc2 b3 38. Qd2 c3 39. bxc3 Nxc3 40. Nd3 Nxb1 41. Ne5+ Kg7 42. Rxb1 Nc4 43. Nxc4 Rxc4 44. d5 Rc2 45. Qd3 Rd8 46. Rxb3 Qc5 0-1

[Event "*** MasterClass Titled Tuesday Blitz"]
[Site "Chess.com"]
[Date "2017.10.03"]
[Round "7"]
[White "MatthewG-p4p"]
[Black "51616516516"]
[Result "1-0"]
[WhiteElo "2580"]
[BlackElo "2056"]
[TimeControl "180+2"]
[EndTime "14:37:27 PDT"]
[Termination "MatthewG-p4p won by resignation"]

1. c4 Nf6 2. Nc3 g6 3. e4 d6 4. g3 Bg7 5. Bg2 O-O 6. Nge2 c5 7. O-O Nc6 8. d3 e5 9. Rb1 Rb8 10. a3 a6 11. b4 cxb4 12. axb4 b5 13. cxb5 axb5 14.
h3 Be6 15. f4 exf4 16. Nxf4 Ne5 17. d4 Nc4 18. Qd3 Qe8 19. Nxe6 fxe6 20. Bg5 h6 21. Bc1 Nh5 22. Rxf8+ Bxf8 23. g4 Nf6 24. g5 hxg5 25. Bxg5 Nh5 26. Rf1 Bg7 27. h4 Qd7 28. Bh3 Qa7 29.
Bxe6+ Kh7 30. Ne2 Nb2 31. Qc3 Na4 32. Qe3 Re8 33. Rf7 Qb6 34. Bg4 Rf8 35. Rxf8 Bxf8 36.
Bxh5 gxh5 37. Qf3 Bg7 38. Qxh5+ Kg8 39. Qg6 Qb7 40. h5 Qf7 41. Qxf7+ Kxf7 42. Kf2 Nb2 43. Ke3 Nc4+ 44. Kf4 Nb2 45. h6 Bh8 46. Kf5 Nd3 47. Nf4 Nxb4 48. e5 dxe5 49. dxe5 Nc6 50. e6+ Ke8 51.
Ng6 Nd4+ 52. Kg4 Nxe6 53. Nxh8 Kf8 54. Ng6+ Kg8 55. Bd2 Nc7 56. Kf5 Ne8 57. Nf4 Kh7 58. Nd5 Nd6+ 59. Ke6 Ne4 60. Nf6+ Nxf6 61. Kxf6 b4 62.
Kg5 b3 63. Bc3 Kg8 64. Kg6 Kf8 65. h7 1-0

[Event "*** MasterClass Titled Tuesday Blitz"]
[Site "Chess.com"]
[Date "2017.10.03"]
[Round "7"]
[White "catalin009"]
[Black "Kouzari"]
[Result "1-0"]
[WhiteElo "2376"]
[BlackElo "2529"]
[TimeControl "180+2"]
[EndTime "14:37:30 PDT"]
[Termination "catalin009 won on time"]

1. Nf3 d5 2. g3 c6 3. Bg2 Nf6 4. O-O Bf5 5. d3 h6 6. Qe1 e6 7. Nbd2 Be7 8. e4 Bh7 9. a4 a5 10. Ne5 Nbd7 11. Nxd7 Nxd7 12. Nb3 O-O 13. Bd2 b6 14. Bc3 Nc5 15. Nxc5 Bxc5 16. Qe2 Re8 17.
Qg4 Qg5 18. Qxg5 hxg5 19. h3 f6 20. Rfe1 Bg6 21. Bd2 Rad8 22. Rab1 dxe4 23. Bxe4 Bxe4 24. Rxe4 e5 25. b4 axb4 26. Bxb4 Rd5 27. Rc4 Bd4 28. Rxc6 e4 29. c3 Bxf2+ 30. Kxf2 exd3 31. g4 Re2+ 32. Kf3 Rh2 33. Rd1 Rxh3+ 34. Kg2 Re3 35. Rxb6 Re4 36.
a5 Rxg4+ 37. Kf3 Rf4+ 38. Ke3 Re5+ 39. Kxd3 Rd5+ 40. Kc2 Rf2+ 41. Kb3 Rxd1 42. a6 Ra1 43. Kc4 1-0

[Event "*** MasterClass Titled Tuesday Blitz"]
[Site "Chess.com"]
[Date "2017.10.03"]
[Round "7"]
[White "chessking2151"]
[Black "TheFlaminGM"]
[Result "0-1"]
[WhiteElo "2381"]
[BlackElo "2584"]
[TimeControl "180+2"]
[EndTime "14:37:38 PDT"]
[Termination "TheFlaminGM won by resignation"]

1. e4 d6 2. d4 Nf6 3. Nc3 e5 4.
dxe5 dxe5 5. Qxd8+ Kxd8 6. Bc4 Ke8 7. Nf3 Bd6 8. Bg5 Nbd7 9. O-O-O a6 10. a4 h6 11. Bh4 b6 12. Rhe1 Bb7 13. Nd5 Nxd5 14.
Bxd5 Rb8 15. Bg3 b5 16. axb5 axb5 17. Nh4 g6 18. Nf3 Ke7 19. Bxb7 Rxb7 20. Rd5 Ke6 21.
c3 Ra8 22. Kc2 g5 23. Nd2 Nb6 24. Rxb5 Rba7 25. f3 Nd7 26. Bf2 Ra1 27. Rb1 h5 28.
Nb3 Rxb1 29. Kxb1 g4 30. c4 gxf3 31. gxf3 Rg8 32. Bg3 Be7 33. f4 Rg4 34. f5+ Kf6 35. Rd5 h4 36. Bxh4+ Rxh4 37. Rxd7 Rxe4 38. Rxc7 Rh4 39.
c5 e4 40. Nd4 e3 41. Ne2 Rxh2 42. Nf4 e2 43. Nd5+ Kxf5 44. Rxe7 Rh1+ 45. Kc2 e1=Q 46. Rxe1 Rxe1 47. c6 Re6 48. c7 Rc6+ 49. Kd3 Ke5 50. Ne3 Rxc7 51. Nc4+ Kf4 52. b4 Rd7+ 53. Kc3 f5 54. b5 Kg3 55. b6 f4 56. Ne5 Rb7 57. Nc4 f3 58. Kd2 f2 59. Ke2 Re7+ 0-1

[Event "*** MasterClass Titled Tuesday Blitz"]
[Site "Chess.com"]
[Date "2017.10.03"]
[Round "7"]
[White "JSPrepz"]
[Black "Angry_Serb"]
[Result "1-0"]
[WhiteElo "2531"]
[BlackElo "2389"]
[TimeControl "180+2"]
[EndTime "14:37:41 PDT"]
[Termination "JSPrepz won on time"]

1. e4 e5 2. Nf3 Nc6 3. Nc3 Nf6 4. a3 d5 5. Bb5 d4 6. Ne2 Bd6 7. d3 O-O 8. O-O Ne7 9. c3 a6 10. Bc4 b5 11. Ba2 c5 12. cxd4 cxd4 13. Bd2 Ng6 14. Ng3 a5 15. Rc1 a4 16. Rc6 Ne7 17. Rc2 Be6 18.
Bxe6 fxe6 19. Qb1 Qd7 20. Rfc1 Rfb8 21. Qa2 h6 22. Bb4 Rc8 23. Bxd6 Rxc2 24. Rxc2 Qxd6 25.
Nf5 Nxf5 26. exf5 Nd5 27. fxe6 Qxe6 28. Re2 Rd8 29. Rxe5 Qc6 30. g3 Kh7 31. Nxd4 Qc1+ 32.
Kg2 Nf6 33. Ne6 Rxd3 34. Nf8+ Kh8 35. Qe6 Rd1 36. Ng6+ Kh7 37. Nf8+ Kh8 38. Kh3 Rd4 39. Re1 Qxb2 40. Ng6+ Kh7 41. Qf5 Rd5 42. Nf8+ Kg8 43. Qc8 Kf7 44. Ne6 Qxa3 45. Nf4 Rd7 46. Qc6 Qd6 47.
Qxb5 a3 48. Qb3+ Nd5 49. Rd1 1-0

[Event "*** MasterClass Titled Tuesday Blitz"]
[Site "Chess.com"]
[Date "2017.10.03"]
[Round "7"]
[White "Oneofmyturns"]
[Black "Alexander_Moskalenko"]
[Result "0-1"]
[WhiteElo "2576"]
[BlackElo "2636"]
[TimeControl "180+2"]
[EndTime "14:37:47 PDT"]
[Termination "Alexander_Moskalenko won by resignation"]

1. d4 d6 2. e4 Nf6 3. Nc3 e5 4.
Nf3 Nbd7 5. Bc4 Be7 6. O-O O-O 7. Re1 a6 8. a4 b6 9. dxe5 Nxe5 10. Nxe5 dxe5 11. Nd5 Nxd5 12. Bxd5 Rb8 13. Qe2 a5 14.
Rd1 Bd6 15. Qc4 Qe7 16. Be3 Kh8 17. f3 Bd7 18. Bc6 Be6 19. Bd5 Bd7 20. Bc6 Be6 21. Bd5 Bc8 22. c3 Bc5 23. Bxc5 Qxc5+ 24. Qxc5 bxc5 25.
b3 Ba6 26. Rab1 f6 27. Kf2 Rfd8 28. Bc4 Bb7 29. Ke1 Bc6 30. Rb2 Rxd1+ 31. Kxd1 g6 32. Rd2 Kg7 33. Kc2 Kf8 34. Bd5 Be8 35. Bc4 Ke7 36.
Rd5 Ra8 37. Rd2 Bd7 38. Bd5 Rb8 39. Bc4 Ra8 40. Rd3 c6 41. Rd2 f5 42. Bd3 Rf8 43.
Re2 f4 44. Rd2 g5 45. h3 h5 46. Be2 g4 47. hxg4 hxg4 48. Rd1 Rh8 49. Kd2 Rh2 50. Rg1 g3 51. Bc4 Bh3 52. Bf1 Be6 53. Kc2 Kd6 54. Be2 Bh3 55. Bf1 Kc7 56. Bc4 Bxg2 0-1